 Dungeon Crawl Stone Soup version 0.31.0-11-ge490571c62 (webtiles) character file.

Game seed: 18188091325883146332

217 qw the Shooter (level 5, -1/27 HPs)
             Began as a Spriggan Hunter on Feb 5, 2024.
             Was an Initiate of Okawaru.
             Slain by a scorpion (6 damage)
             ... on level 4 of the Dungeon.
             The game lasted 00:00:11 (2589 turns).

qw the Shooter (Spriggan Hunter)                    Turns: 2589, Time: 00:00:11

Health: -1/27      AC:  2    Str:  7    XL:     5   Next: 62%
Magic:  6/6        EV: 20    Int: 10    God:    Okawaru [......]
Gold:   195        SH:  0    Dex: 21    Spells: 4/4 levels left

rFire   . . .        a - +0 shortbow
rCold   . . .        (shield currently unavailable)
rNeg    . . .        c - +0 robe
rPois   .            (helmet restricted)
rElec   .            (no cloak)
rCorr   .            (gloves unavailable)
SInv    +            (boots unavailable)
Will    .....        (no amulet)
Stlth   ++           (no ring)
HPRegen 0.24/turn    (no ring)
MPRegen 0.10/turn

%: no passive effects
@: lethally poisoned (-1 -> -11), very quick
A: very small, no large weapons, unfitting armour, see invisible, speed 3
a: Renounce Religion


You were on level 4 of the Dungeon.
You worshipped Okawaru.
Okawaru was noncommittal.
You visited 1 branch of the dungeon, and saw 4 of its levels.

You collected 195 gold pieces.


Innate Abilities, Weirdness & Mutations

You are very small and have problems with some larger weapons.
You are too small for most types of armour.
You have supernaturally acute eyesight. (SInv)
You cover ground extremely quickly. (Speed+++)


   Skills:
 - Level 2.7 Fighting
 + Level 5.3 Ranged Weapons
 - Level 5.1 Dodging
 - Level 1.5 Stealth


You had 4 spell levels left.
You didn't know any spells.
Your spell library was empty.

Inventory:

Hand Weapons
 a - a +0 shortbow (weapon)
Armour
 c - a +0 robe (worn)
Scrolls
 e - 2 scrolls of teleportation
 g - a scroll of poison {unknown}
Potions
 b - a potion of resistance {unknown}
 d - a potion of enlightenment {unknown}
 f - a potion of attraction {unknown}
 h - a potion of berserk rage {unknown}

Dungeon Overview and Level Annotations

Branches:
Dungeon (4/15)
 Temple: D:4-7

Altars:
Dithmenos
Gozag
Nemelex Xobeh
Okawaru

Annotations:
D:3 1 runed translucent door, qw's ghost, weakling SpHu


Message History

The arrow hits the scorpion but does no damage.
The scorpion is lightly wounded.
You shoot an arrow. The arrow hits the scorpion.
The scorpion is lightly wounded.
You shoot an arrow. The arrow closely misses the scorpion.
The scorpion misses you.
The scorpion stings you but does no damage.
You shoot an arrow. The arrow hits the scorpion.
The scorpion is moderately wounded.
The scorpion misses you.
You shoot an arrow. The arrow hits the scorpion.
The scorpion is heavily wounded.
The scorpion misses you.
You shoot an arrow.
The arrow hits the scorpion but does no damage.
The scorpion is heavily wounded.
The scorpion closely misses you. The scorpion stings you.
You shoot an arrow.
The arrow hits the scorpion but does no damage.
The scorpion is heavily wounded.
The scorpion completely misses you.
You shoot an arrow. The arrow hits the scorpion.
The scorpion is severely wounded.
The scorpion stings you.
You are poisoned.
The scorpion poisons you!
You shoot an arrow. The arrow closely misses the scorpion.
You feel very sick. The scorpion misses you. The scorpion closely misses you.
You shoot an arrow. The arrow hits the scorpion.
The scorpion is almost dead.
You feel very sick. The scorpion closely misses you.
You shoot an arrow. The arrow closely misses the scorpion.
You feel sick. The scorpion closely misses you.
You shoot an arrow. The arrow closely misses the scorpion.
You feel sick. The scorpion stings you.
You are lethally poisoned!
The scorpion poisons you! The scorpion stings you.
You die...

....##<#...#.#
##..#..##.#####.
########''####
#...#..##.# #.
#~~..~~#
#.#....##.######
#~#.##~#
#.........#.....
#~##..~#
######.##...#...
#~..##~#
########......#...
#~##.#~#
#.......###......#
#~~~~~~####.#####.#
###.####
########..s@...##.#
#.####
......#.##.##.#
#..... ....#
#.##.##.# ######
... #.......# .
####.#### ##.##
#...# #...# #...#


You could see a scorpion.

Vanquished Creatures
  A phantom (D:4)
  A hound (D:4)
  An orc wizard (D:4)
  An adder (D:3)
  A ribbon worm (D:2)
  2 dart slugs
  8 orcs
  3 bats
  6 endoplasms
  3 giant cockroaches
  6 goblins
  8 hobgoblins
  2 quokkas
  7 ball pythons
  3 frilled lizards
  7 kobolds
  8 rats
68 creatures vanquished.

Notes
Turn   | Place    | Note
-------+----------+-------------------------------------------
     0 | D:1      | qw the Spriggan Hunter began the quest for the Orb.
     0 | D:1      | Reached XP level 1. HP: 10/10 MP: 2/2
     0 | D:1      | 0 ||| qw: Version: 0.3-a-160-g6735b56
     0 | D:1      | 0 ||| qw: Game counter: 6134
     0 | D:1      | 0 ||| qw: Melee chars always use a shield: true
     0 | D:1      | 0 ||| qw: God list: Okawaru
     0 | D:1      | 0 ||| qw: Allow faded altars: false
     0 | D:1      | 0 ||| qw: Do Orc after clearing Dungeon:15 true
     0 | D:1      | 0 ||| qw: Do second Lair branch before Depths: true
     0 | D:1      | 0 ||| qw: Lair rune preference: random
     0 | D:1      | 0 ||| qw: Goals: Normal
     0 | D:1      | 0 ||| PLANNING D:1-11
    67 | D:1      | Reached skill level 3 in Dodging
   240 | D:1      | Reached XP level 2. HP: 14/14 MP: 3/3
   612 | D:1      | 612 ||| READING scroll labelled XECZIL LUEV.
   613 | D:1      | 613 ||| READING scroll labelled HOTOSH WAGOVAJ.
   614 | D:1      | 614 ||| DRINKING 2 cyan potions.
   615 | D:1      | 615 ||| DROPPING scroll of butterflies.
   616 | D:1      | 616 ||| DROPPING potion of degeneration.
   786 | D:2      | Reached XP level 3. HP: 18/18 MP: 4/4
  1271 | D:3      | Found a sparkling altar of Nemelex Xobeh.
  1321 | D:3      | Found a runed translucent door.
  1328 | D:3      | Noticed qw's ghost (weakling SpHu)
  1434 | D:3      | Reached XP level 4. HP: 22/22 MP: 5/5
  1771 | D:3      | 1771 ||| READING 2 scrolls labelled UQUBLA AREG.
  1776 | D:3      | 1776 ||| READING 2 scrolls labelled XIWKOBE HOCLEI.
  1777 | D:3      | 1777 ||| READING scroll labelled SAICWINABBA.
  1878 | D:3      | 1878 ||| DROPPING scroll of blinking.
  1932 | D:4      | Found a shadowy altar of Dithmenos.
  2044 | D:4      | Noticed a phantom
  2056 | D:4      | 2056 ||| RETREEEEATING.
  2058 | D:4      | 2058 ||| RETREEEEATING.
  2059 | D:4      | 2059 ||| FLEEEEING.
  2060 | D:4      | 2060 ||| STAIRDANCE
  2216 | D:4      | Killed a phantom
  2217 | D:4      | Reached XP level 5. HP: 27/27 MP: 6/6
  2262 | D:4      | 2262 ||| FLEEEEING.
  2263 | D:4      | 2263 ||| FLEEEEING.
  2264 | D:4      | 2264 ||| FLEEEEING.
  2268 | D:4      | 2268 ||| FLEEEEING.
  2269 | D:4      | 2269 ||| FLEEEEING.
  2273 | D:4      | 2273 ||| FLEEEEING.
  2329 | D:4      | Found an opulent altar of Gozag.
  2476 | D:4      | Found an iron altar of Okawaru.
  2477 | D:4      | 2477 ||| PLANNING OKAWARU WORSHIP
  2477 | D:4      | 2477 ||| READING scroll labelled ESIETO JYNIPN.
  2487 | D:4      | 2487 ||| READING scroll labelled NEGOLEF KANEJ.
  2487 | D:4      | 2487 ||| ENCHANTING +0 shortbow.
  2488 | D:4      | Became a worshipper of Warmaster Okawaru
  2489 | D:4      | 2489 ||| PLANNING D:1-11
  2589 | D:4      | HP: 5/27 [scorpion (6)]
  2589 | D:4      | Slain by a scorpion

Levels and vault maps discovered:
D:1:      ldierk_walled_garden, layout_loops_cross
D:2:      cheibrodos_old_hovel, layout_rooms
D:3:      layout_basic, nemelex_xobeh_ov_fountains_minmay, ebering_ghost_sewer_d
D:4:      layout_loops_cross, mainiacjoe_overflow_24_doors,
          grunt_dithmenos_smoke, overflow_temple_1_default, grunt_ministairs_4,
          minmay_misc_feat_more_columns, kennysheep_generic_room_12, uniq_ijyb

Skill      XL: |  1  2  3  4 |
---------------+-------------+-----
Dodging        | 3 4 5 |  5.1
Ranged Weapons | 5 |  5.3
Fighting       | 2 |  2.7
Stealth        | |  1.5

Action                     |  1- 3 |  4- 6 || total
---------------------------+-------+-------++-------
   Fire: Shortbow          |   127 |    87 ||   214
    Use: Scroll            |     2 |     5 ||     7
         Potion            |     1 |       ||     1
 Armour: Robe              |     5 |    20 ||    25
  Dodge: Dodged            |    20 |    42 ||    62

Table legend:
 A = Non-vault XP
 B = Vault XP
 C = Vault XP percentage of total XP
 D = Non-vault monster count
 E = Vault monster count
 F = Vault count percentage of total count
                 A         B        C        D         E       F
            +---------+---------+-------+---------+---------+-------
      Total |     303 |       8 |   2.6 |      65 |       3 |   4.4
            +---------+---------+-------+---------+---------+-------
        D:1 |      20 |       0 |   0.0 |      14 |       0 |   0.0
        D:2 |      34 |       2 |   5.6 |      19 |       1 |   5.0
        D:3 |      45 |       0 |   0.0 |      17 |       0 |   0.0
        D:4 |     204 |       6 |   2.9 |      15 |       2 |  11.8
            +---------+---------+-------+---------+---------+-------
